 Dungeon Crawl Stone Soup version 0.29-a0-284-gf9362112df (webtiles) character file.

Game seed: 11434745325802251991

501039 spiderkeys the Warrior (level 24, -30/301 HPs)
             Began as a Yellow Draconian Abyssal Knight on Mar 26, 2022.
             Was the Champion of Lugonu.
             Killed from afar by a hellephant (86 damage)
             ... with a blast of flame
             ... on level 3 of the Depths on Mar 27, 2022.
             The game lasted 02:45:38 (78173 turns).

spiderkeys the Warrior (DrAK)                      Turns: 78173, Time: 02:45:38

Health: -30/301    AC: 22    Str: 34    XL:     24   Next: 4%
Magic:  25/26      EV: 19    Int: 21    God:    Lugonu [******]
Gold:   3749       SH:  5    Dex: 23    Spells: 5/39 levels left

rFire   . . .      SeeInvis .     - Unarmed
rCold   . . .      Faith    .   (shield currently unavailable)
rNeg    . . .      Spirit   .   (body armour unavailable)
rPois   +          Reflect  +   (helmet currently unavailable)
rElec   .          Harm     .   (cloak currently unavailable)
rCorr   +          Rampage  .   (gloves currently unavailable)
Will    +++..                   (boots currently unavailable)
Stlth   +++.......              Y - amulet "Seathoug" {Reflect MP-9 Str+3 Int+4 Dex+2 SH+5}
HPRegen 0.60/turn               W - ring of the Slimy God {rPois Will++ Str+3 Dex+6 Stlth+}
MPRegen 0.20/turn               Z - ring of wizardry

@: dragon-form, flying, studying Short Blades
A: dragon claw, dragon scales, flying, boosted hp, spit acid, AC +12, giant,
unfitting armour, acidic bite, (cold-blooded), acid resistance, frail 1,
mutation resistance 1, (poison resistance), wild magic 1
}: 2/15 runes: serpentine, barnacled
a: Breathe Acid, End Transformation, Renounce Religion, Depart the Abyss, Bend
Space, Banish, Corrupt, Enter the Abyss


You were on level 3 of the Depths.
You worshipped Lugonu.
Lugonu was exalted by your worship.
You were a fearsome golden dragon!
You visited 8 branches of the dungeon, and saw 42 of its levels.
You visited the Abyss 1 time.
You visited 2 bazaars.
You also visited: Sewer, Bailey and Ice Cave.

You collected 7851 gold pieces.
You spent 4102 gold pieces at shops.


Innate Abilities, Weirdness & Mutations

You are a fearsome golden dragon!
You have a powerful clawing attack.
Your giant scaled body is strong and resiliant, but less evasive.
Your breath weapon is enhanced in this form.
You are flying.
Your maximum health is greatly increased.
Your armour is entirely melded.
You are incapable of wielding weapons or throwing items.
You can spit globs of acid.
Your golden yellow scales are hard. (AC +12)
You cannot fit into any form of body armour.
You have acidic saliva.
((You are cold-blooded and may be slowed by cold attacks.))
You are resistant to acid. (rCorr)
You are frail. (-10% HP)
You are somewhat resistant to further mutation.
((Your system is resistant to poisons. (rPois)))
Your spells are a little harder to cast, but a little more powerful.


   Skills:
 - Level 20.2 Fighting
 - Level 14.0 Polearms
 - Level 16.0 Dodging
 - Level 10.0 Shields
 * Level 15.0 Unarmed Combat
 - Level 8.0 Spellcasting
 - Level 4.8 Conjurations
 - Level 17.0 Transmutations
 - Level 3.6 Fire Magic
 + Level 17.3 Air Magic
 - Level 5.0 Poison Magic
 - Level 9.0 Invocations


You had 5 spell levels left.
You knew the following spells:

 Your Spells              Type           Power      Damage    Failure   Level
c - Maxwell's Capacitive  Air            40%        ∞         21%         8
d - Dragon Form           Tmut           40%        N/A       4%          7
i - Ignite Poison         Fire/Tmut/Pois 55%        N/A       1%          3
m - Mephitic Cloud        Conj/Pois/Air  57%        N/A       1%          3
o - Olgreb's Toxic Radia  Pois           38%        N/A       6%          4
p - Poisonous Vapours     Pois/Air       100%       N/A       1%          2
s - Storm Form            Tmut/Air       40%        N/A       4%          7

Your spell library contained the following spells:

 Spells                   Type           Power      Damage    Failure   Level
 Foxfire                  Conj/Fire      100%       2x1d9     1%          1
 Magic Dart               Conj           100%       1d8       1%          1
 Sting                    Tmut/Pois      100%       1d8       1%          1
 Searing Ray              Conj           74%        2d7       1%          2
 Static Discharge         Conj/Air       64%        N/A       1%          2
 Spider Form              Tmut/Pois      63%        N/A       1%          3
 Airstrike                Air            40%        N/A       1%          4
 Summon Lightning Spire   Summ/Air       55%        N/A       1%          4
 Blade Hands              Tmut           40%        N/A       1%          5
 Lightning Bolt           Conj/Air       32%        1d49      1%          5
 Conjure Flame            Conj/Fire      34%        6-21      2%          3
 Animate Skeleton         Necr           20%        N/A       4%          1
 Freeze                   Ice            40%        1d6       4%          1
 Pain                     Necr           40%        1d6       4%          1
 Dazzling Flash           Conj/Hex       48%        N/A       5%          3
 Stone Arrow              Conj/Erth      48%        3d10      5%          3
 Freezing Cloud           Conj/Ice/Air   25%        6-21      6%          5
 Blink                    Tloc           20%        N/A       7%          2
 Call Imp                 Summ           10%        N/A       7%          2
 Ensorcelled Hibernation  Hex/Ice        20%        N/A       7%          2
 Inner Flame              Hex/Fire       20%        N/A       7%          3
 Flame Wave               Conj/Fire      34%        2d8       9%          4
 Call Canine Familiar     Summ           10%        N/A       13%         3
 Frozen Ramparts          Ice            20%        1d4       13%         3
 Gell's Gravitas          Tloc           10%        N/A       13%         3
 Lesser Beckoning         Tloc           10%        N/A       13%         3
 Portal Projectile        Hex/Tloc       20%        N/A       13%         3
 Summon Guardian Golem    Hex/Summ       10%        N/A       13%         3
 Teleport Other           Tloc           10%        N/A       13%         3
 Tukima's Dance           Hex            10%        N/A       13%         3
 Vampiric Draining        Necr           10%        2d6       13%         3
 Fulminant Prism          Conj/Hex       12%        3d9       16%         4
 Hailstorm                Conj/Ice       24%        3d7       16%         4
 Iskenderun's Mystic Bla  Conj/Tloc      24%        2d7       16%         4
 Anguish                  Hex/Necr       5%         N/A       36%         4
 Cause Fear               Hex            5%         N/A       36%         4
 Leda's Liquefaction      Hex/Erth       5%         N/A       36%         4
 Summon Ice Beast         Ice/Summ       10%        N/A       36%         4
 Excruciating Wounds      Necr           5%         N/A       67%         5
 Lee's Rapid Deconstruct  Erth           5%         3d7*      67%         5
 Manifold Assault         Tloc           10%        N/A       67%         5
 Summon Mana Viper        Hex/Summ       10%        N/A       67%         5
 Conjure Ball Lightning   Conj/Air       32%        3x3d10    8%          6
 Starburst                Conj/Fire      17%        6d6       67%         6
 Dispersal                Tloc           5%         N/A       99%         6
 Necromutation            Tmut/Necr      27%        N/A       99%         8
 Enfeeble                 Hex            5%         N/A       100%        7
 Monstrous Menagerie      Summ           5%         N/A       100%        7
 Borgnjor's Revivificati  Necr           5%         N/A       100%        8
 Discord                  Hex            5%         N/A       100%        8
 Disjunction              Tloc           5%         N/A       100%        8
 Lehudib's Crystal Spear  Conj/Erth      12%        10d4      100%        8
 Chain Lightning          Conj/Air       32%        3d42      100%        9
 Death's Door             Necr           5%         N/A       100%        9
 Dragon's Call            Summ           5%         N/A       100%        9
 Animate Armour           Summ/Erth      Unusable   N/A       N/A         4

Inventory:

Hand Weapons
 f - the +11 trident "Casicoub" {venom, rElec Str+6 Stlth+}
   (You took it off a deep elf high priest on level 3 of the Elven Halls)

   It poisons the flesh of those it strikes.
   Str:       It affects your strength (+6).
   rElec:     It insulates you from electricity.
   Stlth:     It makes you more stealthy.
 g - a +9 demon trident of freezing (melded)
   (You acquired it on level 3 of the Dungeon)
 N - a +9 demon trident of distortion
   (You took it off a merfolk impaler on level 4 of the Shoals)
Missiles
 m - 9 curare-tipped darts {=f}
 C - 3 silver javelins
 M - 16 javelins
Armour
 a - a +1 buckler of cold resistance (melded)
   (You found it in an ice cave)
 z - a +2 pair of gloves (melded)
   (You found it on level 3 of the Snake Pit)
 L - a +2 cloak (melded)
   (You found it on level 8 of the Dungeon)
 Q - a +2 hat of see invisible (melded)
   (You acquired it on level 4 of the Shoals)
 T - a +2 pair of boots (melded)
   (You found it on level 1 of the Dungeon)
Jewellery
 c - a ring of protection from cold
   (You found it in an ice cave)
 F - the ring "Orhid" {rF+ MP+9 Str-5 Dex+6 SInv}
   (You found it on level 2 of the Elven Halls)

   [ring of dexterity]

   Str:       It affects your strength (-5).
   Dex:       It affects your dexterity (+6).
   rF:        It protects you from fire.
   MP:        It affects your magic capacity (+9).
   SInv:      It lets you see invisible.
 W - the ring of the Slimy God (left foreclaw) {rPois Will++ Str+3 Dex+6 Stlth+}
   (You bought it in a shop on level 2 of the Orcish Mines)

   [ring of dexterity]

   Str:       It affects your strength (+3).
   Dex:       It affects your dexterity (+6).
   rPois:     It protects you from poison.
   Will:      It greatly increases your willpower.
   Stlth:     It makes you more stealthy.
 Y - the amulet "Seathoug" (around neck) {Reflect MP-9 Str+3 Int+4 Dex+2 SH+5}
   (You found it in an ice cave)

   [amulet of reflection]

   It reflects blocked missile attacks.
   Str:       It affects your strength (+3).
   Int:       It affects your intelligence (+4).
   Dex:       It affects your dexterity (+2).
   MP:        It affects your magic capacity (-9).
   SH:        It affects your SH (+5).
 Z - a ring of wizardry (right foreclaw)
   (You found it on level 6 of the Dungeon)
Wands
 n - a wand of digging (18)
   (You found it on level 11 of the Dungeon)
 q - a wand of acid (5)
   (You found it on level 2 of the Shoals)
 y - a wand of iceblast (15)
   (You found it on level 14 of the Dungeon)
 K - a wand of paralysis (32)
   (You found it on level 7 of the Dungeon)
Scrolls
 o - 5 scrolls of holy word
 r - 5 scrolls of magic mapping {!r}
 u - 3 scrolls of torment {!r}
 x - 5 scrolls of fog
 B - 4 scrolls of vulnerability {!r!r}
 E - 13 scrolls of teleportation {@r4}
 H - 7 scrolls of fear
 I - 2 scrolls of summoning
 J - 5 scrolls of silence {!r}
 O - a scroll of blinking {!r}
 P - 9 scrolls of enchant armour
 R - 7 scrolls of immolation {!r!r}
 V - 2 scrolls of brand weapon
Potions
 b - 9 potions of magic
 d - 16 potions of curing {@q1}
 e - 12 potions of brilliance
 h - 2 potions of heal wounds {@q2}
 i - 5 potions of lignification {!q}
 j - 2 potions of berserk rage {!q}
 k - 2 potions of haste {@q3}
 l - 8 potions of attraction {!q}
 p - 4 potions of ambrosia
 s - 6 potions of mutation {!q}
 t - 6 potions of invisibility
 v - 5 potions of flight
 w - 2 potions of resistance
 D - 5 potions of might
 U - 4 potions of cancellation
Miscellaneous
 A - a condenser vane
   (You found it on level 3 of the Elven Halls)
 G - a phantom mirror
   (You found it on level 4 of the Lair of Beasts)
 S - a lightning rod (4/4)
   (You found it on level 1 of the Lair of Beasts)
 X - a phial of floods
   (You found it in an ice cave)

Dungeon Overview and Level Annotations

Branches:
Dungeon (15/15)            Temple (0/1) D:6            Lair (6/6) D:10
 Shoals (4/4) Lair:3        Snake (4/4) Lair:2        Slime (0/5) Lair:5
    Orc (2/2) D:12            Elf (3/3) Orc:2        Vaults (4/5) D:14
  Crypt (0/3) Vaults:3     Depths (4/4) D:15          Sewer (visited)
 Bailey (visited)           IceCv (visited)
    Zot: Depths:4

Altars:
Ashenzari
Dithmenos
Gozag
Hepliaklqana
Kikubaaqudgha
Nemelex Xobeh
Qazlal
Sif Muna
Trog
Uskayaw
Xom
Zin
The Shining One
Beogh
Jiyva
Lugonu

Shops:
D:4 =   D:5 *   D:15 =   Orc:2 =:***!   Shoals:1 ?   Shoals:2 ([*(   Vaults:2 *
Vaults:4 =   Depths:1 [:[[   Depths:3 [

Portals:
Hell: Depths:1 Depths:2
Abyss: Lair:6 Depths:3
Pandemonium: Depths:2 Depths:3
Ziggurat: Depths:3

Annotations:
D:6 3 runed translucent doors, SirDiesAlot's ghost, novice DEAM; yunder69's ghost, novice MiBe
Lair:5 1 runed translucent door
Abyss:1 Donald

.♣♣♣♣♣#######
..........#..####.
.....♣#
#..........#....(..
.≈≈≈..#
###..........#.......
♣..♣.♣#
#......#Y..#.#.......
♣♣...♣
#.........?^.#.......
######
#......#......#......
...♣
#.............'......
♣♣♣..♣
#.....##....>.#.#..#.
..♣
##.D....Y...........
♣♣♣..♣
#.........#######....
...♣ ###.###C###
##..# ###### #. #.#
..' ♣♣..♣ .. #h# ..#
♣♣..♣♣# ...


#hh . ♣..♣♣.# #...# #.§# ..♣♣.♣# #...#+#..# ....♣♣ #....... You could see 2
hellephants and a stone giant.


Message History

You maul the ice dragon!!!
You hear an angry squeal.
The ice dragon bites you but does no damage.
The ice dragon misses you.
The ice dragon tramples you but does no damage.
You hear an angry squeal. 😕 HP[+1]
You hit the ice dragon but do no damage.
You hear an angry squeal.
You hear a trumpeting!
The ice dragon breathes frost at you. The blast of cold misses you.
You barely miss the ice dragon. You tail-slap the ice dragon.
You claw the ice dragon!! 😕 HP[+1] MP[+1]
You maul the ice dragon!!!!
You kill the ice dragon!
Lugonu accepts your kill.
Your Unarmed Combat skill increases to level 15!
A glowing orange brain and a fire dragon come into view.
The glowing orange brain moves out of view.
There is an open door, spattered with blood here. 😕 HP[+1]
The hell hog breathes fire at you.
The fireball explodes!
The fireball engulfs you!!!
The fireball engulfs the hell hog.
The hell hog completely resists.
The fire dragon breathes flames at you.
The blast of flame hits the hell hog.
The hell hog completely resists.
The blast of flame hits you! The hell hog barely misses you.
You hear a trumpeting! 😕 HP[-53]
You take 53 damage, and now have 227/301 hp.
You maul the hell hog!!!
You kill the hell hog!
Lugonu accepts your kill.
You hear an angry squeal. 😕 HP[+1]
There is a stone staircase leading down here.
Found a stone staircase leading up.
The fire dragon closely misses you. x2
You block the fire dragon's attack. 😕 HP[+1] MP[+1]
You maul the fire dragon!!!!
You bite the fire dragon!!
You kill the fire dragon!
Lugonu accepts your kill. 😕 HP[+1]
A hellephant comes into view.
You claw the glowing orange brain! You tail-slap the glowing orange brain.
The hellephant breathes flames at you.
The blast of flame hits you!!! 😮 HP[-45]
You take 45 damage, and now have 185/301 hp.
You bite the glowing orange brain!! You bite the glowing orange brain.
The glowing orange brain is splashed with acid.
You claw the glowing orange brain!
You kill the glowing orange brain!
Lugonu accepts your kill. The hellephant breathes flames at you.
The blast of flame misses you.
You hear a trumpeting! 😮 HP[+1] MP[+1]
You hear a trumpeting!
You hear an angry squeal. 😮 HP[+1]
You maul the hellephant!!!!
You tail-slap the hellephant, but do no damage.
You bite the hellephant.
The hellephant is splashed with acid.
The acid corrodes the hellephant!
You hear an angry squeal.
The hellephant blinks! 2 hellephants come into view.
The hellephant trumpets! x2
The hellephant breathes flames at you. The blast of flame hits you!!!
* * * LOW HITPOINT WARNING * * *
The hellephant blinks!
A stone giant comes into view.
The hellephant moves out of view. 😨 HP[-55]
You take 55 damage, and now have 132/301 hp.
The hell hog squeals angrily.
You claw the hellephant!
You tail-slap the hellephant, but do no damage.
You claw the hellephant! The hellephant breathes flames at you.
The blast of flame hits you!!!
* * * LOW HITPOINT WARNING * * *
😨 HP[-37]
You take 37 damage, and now have 95/301 hp.
Okay, then.
A hell hog comes into view.
The hellephant blinks! x2 😨 HP[+1] MP[+1]
The stone giant throws a large rock.
The large rock hits you!!!
* * * LOW HITPOINT WARNING * * *
The hellephant blinks! x2 😱 HP[-41]
You take 41 damage, and now have 55/301 hp.
The hellephant is no longer covered in acid.
The hellephant breathes flames at you. The blast of flame hits you!!!!
You die...

Skill      XL: |  1  2  3  4  5  6  7  8  9 10 11 12 13 14 15 16 17 18 19 20 21 22 23 24 |
---------------+-------------------------------------------------------------------------+-----
Fighting       | 4 5 6 8 9 10 12 13 14 15 16 17 18 19 20 | 20.2
Polearms       | 3 4 5 7 8 12 13 14 | 14.0
Invocations    | 3 4 5 7 9 |  9.0
Dodging        | 3 4 5 6 7 8 10 11 12 13 14 15 16 | 16.0
Air Magic      | 1 2 4 5 6 9 11 13 15 16 17 | 17.3
Poison Magic   | 1 2 4 5 |  5.0
Spellcasting   | 3 6 7 8 |  8.0
Conjurations   | 3 4 |  4.8
Transmutations | 3 4 8 10 12 14 17 | 17.0
Shields        | 5 6 7 9 10 | 10.0
Fire Magic     | 3 |  3.6
Unarmed Combat | 3 11 12 14 15 | 15.0

Action                   |  1- 3 |  4- 6 |  7- 9 | 10-12 | 13-15 | 16-18 | 19-21 | 22-24 || total
-------------------------+-------+-------+-------+-------+-------+-------+-------+-------++-------
Melee: Spear             |    90 |   254 |       |       |       |       |       |       ||   344
       Tailslap          |     4 |    21 |    20 |    72 |   177 |   292 |   318 |   126 ||  1030
       Demon trident     |       |    13 |   229 |   460 |   949 |  2204 |  1599 |   372 ||  5826
       Punch             |       |       |     1 |     4 |       |     1 |     5 |    34 ||    45
       Bite              |       |       |       |       |    87 |   238 |   242 |    96 ||   663
       Unarmed           |       |       |       |       |       |    15 |   144 |   292 ||   451
Throw: Dart              |       |       |       |     3 |     2 |     1 |     3 |     2 ||    11
       Boomerang         |       |       |       |     3 |       |       |       |       ||     3
 Cast: Poisonous Vapours |       |       |       |     7 |     2 |     5 |       |     2 ||    16
       Ignite Poison     |       |       |       |     2 |     2 |    13 |    24 |       ||    41
       Mephitic Cloud    |       |       |       |     1 |       |       |       |       ||     1
       Olgreb's Toxic Ra |       |       |       |     1 |     4 |    18 |    36 |     2 ||    61
       Storm Form        |       |       |       |       |       |     1 |     9 |     6 ||    16
       Dragon Form       |       |       |       |       |       |       |     4 |    15 ||    19
Invok: Bend Space        |       |       |       |     7 |     2 |     4 |     6 |     1 ||    20
       Banish            |       |       |       |     2 |     1 |     3 |       |       ||     6
       Brand Weapon With |       |       |       |       |       |       |     1 |       ||     1
 Abil: Breathe Acid      |       |       |    14 |    26 |    19 |    34 |    24 |    11 ||   128
       Blinkbolt         |       |       |       |       |       |     1 |     3 |     5 ||     9
       End Transformatio |       |       |       |       |       |       |     2 |       ||     2
Evoke: Wand              |       |       |       |    10 |     1 |     3 |     1 |       ||    15
       Phial of floods   |       |       |       |       |     1 |     1 |     1 |       ||     3
       Phantom mirror    |       |       |       |       |       |     1 |     1 |       ||     2
  Use: Scroll            |       |    11 |     8 |     4 |    10 |    11 |    13 |     3 ||    60
       Potion            |       |       |       |     6 |     3 |     7 |     5 |     6 ||    27
 Stab: Sleeping          |     2 |     1 |     3 |     1 |     4 |     8 |    21 |     4 ||    44
       Distracted        |       |     1 |     1 |       |     3 |     4 |     9 |     1 ||    19
       Confused          |       |       |       |       |     1 |       |       |       ||     1
       Held in net/web   |       |       |       |       |       |     1 |       |       ||     1
Armor: Skin              |    32 |    79 |    81 |   170 |   224 |   322 |   243 |   155 ||  1306
Dodge: Dodged            |    57 |   127 |   124 |   276 |   372 |   888 |   847 |   430 ||  3121
Block: Buckler           |       |       |       |       |   302 |   886 |   613 |   117 ||  1918
       Reflection        |       |       |       |       |    25 |    85 |    64 |     6 ||   180
       Other             |       |       |       |       |     3 |     4 |    40 |    56 ||   103

Levels and vault maps discovered:
D:1:      dpeg_arrival_shelter, layout_basic, wad_floor_pattern_untrapped
D:2:      layout_basic, fountainhead, kennysheep_generic_room_8, uniq_terence,
          uniq_natasha, uniq_crazy_yiuf_cottage
D:3:      layout_basic, grunt_temple_overflow_opulence,
          hellmonk_ecumenical_altar_zigzags, cheibrodos_sewer_entry_drain,
          minmay_misc_feat_room, amcnicky_mini_pool_small
D:4:      layout_gridville, serial_shops, nicolae_stop_n_shop_2,
          minmay_misc_feat_five, hangedman_abyss_or_decor_passed, uniq_grinder
D:5:      layout_basic, gammafunk_temple_overflow_wave, nicolae_shop_fire_sale
          [nicolae_sub_dead_trees], uniq_edmund, uniq_eustachio
D:6:      layout_rooms, minmay_temple_entry_statues_fountains,
          gammafunk_ghost_cemetery, minmay_microvault, uniq_blork_the_orc
D:7:      layout_loops_cross, chequers_temple_overflow_statue_of_worship,
          small_statue_intersection
D:8:      layout_basic, serial_bayou, serial_bayou_pond_b, serial_bayou_pond_a,
          serial_bayou_crossing, serial_bayou_ford_a, uniq_psyche, uniq_grum,
          uniq_gastronok
D:9:      layout_layer_cave, enter_bailey_6, uniq_joseph
D:10:     minmay_the_grid_3x2 [minmay_the_grid_holed_spiral,
          minmay_the_grid_medium_cups, minmay_the_grid_stretched_grid,
          minmay_the_grid_minigrid_small_alt, minmay_the_grid_minigrid_medium,
          minmay_the_grid_prize_inner_circle], layout_cave_pools,
          david_lair_shrubbed
D:11:     layout_basic, portal_ice_cave_rime
D:12:     layout_long_grid, orc_david_3, chequers_serial_rivers_marsh,
          wad_floor_pattern_1, uniq_urug, uniq_lodul, uniq_jorgrun
D:13:     layout_roguey
D:14:     layout_cave_pools, lightli_vaults_fourway_checkpoint,
          nicolae_tso_swordbearing_angel, kiku_gazebo_pond_becter
D:15:     grunt_enter_depths_giant_problem, layout_basic, serial_shops, shop
Lair:1:   layout_gridlike, grunt_forest_small_clearings,
          nicolae_lair_grove_arrangements, disabler_island
Lair:2:   layout_layer_cave, minmay_snake_entry_guardpost_large,
          ebering_ghost_rock_garden, minmay_hedge_maze
Lair:3:   layout_roguey, shoals_dummy_entry, gammafunk_ghost_split,
          grunt_megastairs_5
Lair:4:   layout_layer_cave
Lair:5:   layout_loops_ring, slime_altar_2
Lair:6:   hellmonk_lair_end_abyssal_woods, layout_cave_pods,
          serial_bayou_shore_b
Shoals:1: layout_shoals, serial_shops, bzr_firewalk, nicolae_shop_hallway_plus
Shoals:2: layout_shoals, serial_shops, statue_bzr, nicolae_shop_hallway_plus,
          nicolae_shop_stone, nicolae_take_the_stairs, shop,
          nicolae_shoals_beach_house_on_fowls_legs, uniq_donald
Shoals:3: layout_shoals, uniq_ilsuiw
Shoals:4: shoals_end_hellmonk_storm_palace [storm_palace_center_square,
          storm_palace_corner_pillars, storm_palace_corner_narrow,
          storm_palace_corner_blocked, storm_palace_corner_altar]
Snake:1:  layout_chambers, nicolae_snake_snake_lake, grunt_megastairs_2,
          serial_bayou_shore_a
Snake:2:  layout_honeycomb, grunt_megastairs_1
Snake:3:  layout_grid_maze
Snake:4:  grunt_snake_rune_serpentine_throne, layout_cave_town,
          nicolae_snake_serpentine_hallways, serial_bayou_shore_b
Orc:1:    nicolae_orc_accident_2, layout_caves
Orc:2:    st_orc_open, layout_caves, basic_altar, serial_shops, shop,
          shop_statue
Elf:1:    nicolae_elf_arrival_aired_out, layout_geoelf_grid, minmay_elf_sorcery,
          dreamdust_princess_corridor
Elf:2:    elven_hall_of_blades_hangedman_original [nicolae_blade_little_rooms],
          layout_onion_city, hangedman_glass_teeth, nicolae_fountain_basement
Elf:3:    minmay_elf_hall_not_hex, layout_rooms
Vaults:1: nicolae_vaults_network_quinsquares
          [nicolae_vaults_network_quincunx_subvault,
          nicolae_vaults_network_quincunx_subvault,
          nicolae_vaults_network_quincunx_subvault,
          nicolae_vaults_network_quincunx_subvault],
          nicolae_vaults_little_squares_6, v_misc_10,
          ontoclasm_vaults_decontamination, ontoclasm_vaults_twist,
          ontoclasm_vaults_claustrophobia, st_squares, v_misc_5,
          vaults_room_pools, v_misc_16, v_misc_23, v_alt_pattern_2,
          vaults_mumra_hex, vaults_mumra_minichess, nicolae_vaults_theta,
          layout_vaults_ring
Vaults:2: vaults_room_fancy_cross, v_rooms_1, nicolae_vaults_puzzle_piece,
          nicolae_vaults_little_squares_2, vaults_mumra_minichess_inversion,
          vaults_standard_mumra_enter_the_diamond, hangedman_vaults_capsules,
          v_misc_27, ontoclasm_vaults_fault, nicolae_vaults_little_ls,
          layout_vaults_omnicross, serial_shops, nicolae_diamond_shop
Vaults:3: nicolae_vaults_network_periphery, minmay_crypt_entry_simple_box,
          vaults_dpeg_ring, hangedman_vaults_river_flow, nicolae_vaults_theta,
          v_pattern_4, vaults_room_pools, nicolae_vaults_little_squares_4,
          hangedman_vaults_unwind, v_misc_11, vaults_room_hangedman_quadrants,
          nicolae_vaults_little_squares_1, layout_vaults_omnigrid
Vaults:4: v_alt_pattern_6, nicolae_vaults_ring_of_whatevers,
          nicolae_vaults_diagonal_hallway_6, nicolae_vaults_network_barrier,
          ontoclasm_vaults_hangar, hangedman_vaults_slither, grunt_vaults_swirl,
          nicolae_vaults_twisting_passages, hangedman_vaults_stagger,
          nicolae_vaults_shelves_hall, layout_vaults_omnibox, serial_shops,
          shop, uniq_xtahua, uniq_frederick, uniq_saint_roka
Depths:1: layout_gridlike, nicolae_hepliaklqana_hazy_memory, pf_coc_iceberg,
          dreamdust_wishing_well, minmay_three_doors, minmay_shoptagon,
          uniq_sojobo, uniq_bai_suzhen
Depths:2: dreamdust_hydra_shepherd, layout_cave_shapes, grunt_pan_entry_spiral,
          hell_entry, grunt_gozag_statues, grunt_decor_mini_mirrors,
          eat_drink_and_be_merry_uskayaw, serial_bayou_shore_b,
          infiniplex_staircase_x
Depths:3: nzn_winding_woodlands_three_and_one
          [nzn_winding_woodlands_5x15_pathside_ponds,
          nzn_winding_woodlands_5x15_eye, nzn_winding_woodlands_5x15_pockets,
          nzn_winding_woodlands_center_pierced_h], layout_basic,
          enter_ziggurat_e, serial_shops, shop_coins,
          minmay_misc_feat_more_columns, grunt_hell_horde, abyss_entry,
          pan_entry, serial_bayou_shore_b
Depths:4: grunt_profane_halls [grunt_profane_temple_geh,
          grunt_profane_temple_tar, grunt_profane_temple_coc,
          grunt_profane_temple_dis, grunt_zot_portal], hell_entry

Notes
Turn   | Place    | Note
-------+----------+-------------------------------------------
     0 | Abyss:1  | spiderkeys the Draconian Abyssal Knight began the quest for
                  | the Orb.
     0 | Abyss:1  | Reached XP level 1. HP: 19/19 MP: 2/2
     0 | Abyss:1  | magus.rc [v1.11.3]
    13 | D:1      | You pass through the gate.
    13 | D:1      | Escaped the Abyss
   257 | D:1      | Reached XP level 2. HP: 26/26 MP: 3/3
   658 | D:2      | Noticed Natasha
   667 | D:2      | HP: 1/26 [Natasha (11)]
   668 | D:2      | Killed Natasha
   669 | D:2      | Reached XP level 3. HP: 1/33 MP: 4/4
  1073 | D:2      | You pick up a book of Frost and begin reading...
  1073 | D:2      | You add the spells Freeze, Frozen Ramparts and Hailstorm to
                  | your library.
  1193 | D:2      | Noticed Natasha
  1208 | D:2      | Killed Natasha
  1208 | D:2      | Reached *** piety under Lugonu
  1209 | D:2      | Reached XP level 4. HP: 26/40 MP: 6/6
  1418 | D:2      | Reached skill level 4 in Fighting
  1418 | D:2      | You pick up a book of Necromancy and begin reading...
  1418 | D:2      | You add the spells Pain, Animate Skeleton and Vampiric
                  | Draining to your library.
  1461 | D:2      | Noticed Terence
  1486 | D:2      | Killed Terence
  1487 | D:2      | Reached skill level 3 in Polearms
  1487 | D:2      | Reached skill level 3 in Invocations
  1678 | D:2      | Noticed Natasha
  1690 | D:2      | Killed Natasha
  1691 | D:2      | Reached skill level 3 in Dodging
  1691 | D:2      | Reached XP level 5. HP: 28/46 MP: 7/7
  2195 | D:3      | Found a glowing drain.
  2197 | D:3      | Noticed a sky beast
  2220 | D:3      | Killed a sky beast
  2333 | Sewer    | Entered a sewer
  2512 | Sewer    | Reached XP level 6. HP: 53/53 MP: 8/8
  3238 | D:3      | Found a faded altar of an unknown god.
  3309 | D:3      | You add the spells Sting, Poisonous Vapours and Olgreb's
                  | Toxic Radiance to your library.
  3341 | D:3      | Reached **** piety under Lugonu
  3585 | D:3      | Found an opulent altar of Gozag.
  3585 | D:3      | Found a sparkling altar of Nemelex Xobeh.
  3594 | D:3      | Reached skill level 4 in Invocations
  3597 | D:3      | Learned a level 2 spell: Poisonous Vapours
  3831 | D:3      | Identified a scroll of acquirement
  3831 | D:3      | Acquired a +2 demon trident of freezing
  3873 | D:4      | Noticed Grinder
  3878 | D:4      | Paralysed by Grinder for 3 turns
  3895 | D:4      | Killed Grinder
  3896 | D:4      | Reached skill level 5 in Fighting
  3896 | D:4      | Reached skill level 4 in Polearms
  3896 | D:4      | Reached skill level 1 in Air Magic
  3896 | D:4      | Reached skill level 1 in Poison Magic
  3896 | D:4      | Your scales start taking on a golden yellow colour.
  3896 | D:4      | Reached XP level 7. HP: 38/61 MP: 10/10
  3896 | D:4      | Gained mutation: You are resistant to acid. (rCorr) [Yellow
                  | Draconian growth]
  4061 | D:4      | Reached skill level 4 in Dodging
  4141 | D:4      | You add the spells Ignite Poison, Mephitic Cloud and
                  | Freezing Cloud to your library.
  4178 | D:4      | Reached skill level 2 in Air Magic
  4178 | D:4      | Reached skill level 2 in Poison Magic
  4218 | D:4      | Found Sulomap's Jewellery Shop.
  4391 | D:5      | Entered Level 5 of the Dungeon
  4590 | D:5      | Found a bloodstained altar of Trog.
  4590 | D:5      | Found a broken altar of Ashenzari.
  4648 | D:5      | Reached XP level 8. HP: 37/70 MP: 11/11
  4933 | D:5      | Noticed Edmund
  4954 | D:5      | Killed Edmund
  4955 | D:5      | Reached skill level 6 in Fighting
  4955 | D:5      | Reached skill level 5 in Polearms
  4990 | D:5      | Reached skill level 3 in Air Magic
  4990 | D:5      | Reached skill level 3 in Poison Magic
  5081 | D:5      | Noticed Eustachio
  5088 | D:5      | Killed Eustachio
  5135 | D:5      | Found Hevot's Fire Supplies.
  5189 | D:5      | Reached skill level 5 in Dodging
  5707 | D:6      | Noticed a troll
  5713 | D:6      | Killed a troll
  5714 | D:6      | Reached skill level 4 in Air Magic
  5714 | D:6      | Reached skill level 4 in Poison Magic
  5714 | D:6      | Reached XP level 9. HP: 65/78 MP: 12/12
  5876 | D:6      | Reached ***** piety under Lugonu
  5878 | D:6      | Noticed Blork the orc
  5889 | D:6      | Killed Blork the orc
  5890 | D:6      | Reached skill level 7 in Fighting
  5890 | D:6      | Reached skill level 6 in Polearms
  6017 | D:6      | Found a staircase to the Ecumenical Temple.
  6027 | D:6      | You pick up a book of Armaments and begin reading...
  6027 | D:6      | You add the spells Stone Arrow and Lehudib's Crystal Spear
                  | to your library.
  6032 | D:6      | Found a runed translucent gate.
  6034 | D:6      | Found a runed translucent gate.
  6034 | D:6      | Found a runed translucent gate.
  6035 | D:6      | Noticed yunder69's ghost (novice MiBe)
  6035 | D:6      | Noticed SirDiesAlot's ghost (novice DEAM)
  6174 | D:6      | Reached skill level 1 in Spellcasting
  6247 | D:7      | Found a glowing silver altar of Zin.
  6247 | D:7      | Found a shimmering blue altar of Sif Muna.
  6573 | D:7      | Reached skill level 2 in Spellcasting
  6596 | D:7      | Reached skill level 5 in Invocations
  6630 | D:7      | Reached skill level 6 in Dodging
  7369 | D:8      | Reached skill level 3 in Spellcasting
  7478 | D:8      | Reached skill level 8 in Fighting
  7481 | D:8      | Reached skill level 7 in Polearms
  7481 | D:8      | Reached XP level 10. HP: 80/88 MP: 14/14
  7539 | D:8      | Noticed Gastronok
  7555 | D:8      | Killed Gastronok
  7556 | D:8      | Reached skill level 6 in Invocations
  7710 | D:8      | Noticed a manticore
  7722 | D:8      | Killed a manticore
  7723 | D:8      | Reached skill level 7 in Dodging
  7867 | D:8      | Learned a level 3 spell: Mephitic Cloud
  7871 | D:8      | Learned a level 3 spell: Ignite Poison
  7953 | D:8      | Noticed Psyche
  7958 | D:8      | Killed Psyche
  8488 | D:8      | Noticed Grum
  8507 | D:8      | Killed Grum
  8508 | D:8      | Reached skill level 7 in Invocations
  8896 | D:9      | Noticed a gargoyle
  8992 | D:9      | Reached skill level 9 in Fighting
  9026 | D:8      | Reached skill level 8 in Polearms
  9076 | D:9      | Found a flagged portal.
  9085 | Bailey   | Entered a bailey
  9352 | Bailey   | Noticed an orc warlord
  9460 | Bailey   | Found a runed translucent gate.
  9460 | Bailey   | Found a runed translucent gate.
  9460 | Bailey   | Found a runed translucent gate.
  9666 | Bailey   | Gained mutation: Your system is resistant to poisons.
                  | (rPois) [potion of mutation]
  9666 | Bailey   | Gained mutation: Your mind is acute. (Int +2) [potion of
                  | mutation]
  9666 | Bailey   | Gained mutation: Your spells are a little harder to cast,
                  | but a little more powerful. [potion of mutation]
  9683 | Bailey   | Killed an orc warlord
  9684 | Bailey   | Reached skill level 5 in Poison Magic
  9684 | Bailey   | Reached XP level 11. HP: 79/97 MP: 3/16
  9779 | Bailey   | Identified the +3 glaive "Viboff" {holy, rN+ Will+}
  9794 | Bailey   | Reached skill level 12 in Polearms
  9794 | Bailey   | Reached XP level 12. HP: 104/104 MP: 17/17
  9825 | D:9      | Learned a level 4 spell: Olgreb's Toxic Radiance
  9836 | D:9      | Noticed Joseph
  9866 | D:9      | Killed Joseph
  9867 | D:9      | Reached skill level 5 in Air Magic
 10167 | D:9      | You pick up a book of Displacement and begin reading...
 10167 | D:9      | You add the spells Lesser Beckoning, Gell's Gravitas and
                  | Teleport Other to your library.
 10533 | D:8      | Reached skill level 1 in Conjurations
 10552 | D:10     | Entered Level 10 of the Dungeon
 10683 | D:10     | Reached skill level 1 in Transmutations
 10902 | D:10     | Reached skill level 8 in Invocations
 11175 | D:10     | Noticed a death knight
 11204 | D:10     | Reached skill level 2 in Conjurations
 11262 | D:10     | Reached skill level 2 in Transmutations
 11411 | D:10     | Reached skill level 8 in Dodging
 11412 | D:10     | Reached ****** piety under Lugonu
 11665 | D:10     | Noticed a centaur warrior
 11666 | D:10     | HP: 19/106 [centaur warrior/arrow (11)]
 12043 | D:10     | Killed a centaur warrior
 12044 | D:10     | Reached skill level 10 in Fighting
 12557 | D:10     | Killed a death knight
 12558 | D:10     | Reached skill level 3 in Conjurations
 12558 | D:10     | Reached skill level 3 in Transmutations
 12955 | D:10     | You pick up a book of Maledictions and begin reading...
 12955 | D:10     | You add the spells Tukima's Dance, Anguish and Enfeeble to
                  | your library.
 12964 | D:10     | You pick up a book of Lightning and begin reading...
 12964 | D:10     | You add the spells Static Discharge, Lightning Bolt and
                  | Maxwell's Capacitive Coupling to your library.
 13028 | D:10     | Found a staircase to the Lair.
 13434 | D:11     | Identified the ring "Ettamox" {Str+4 Dex+6 Stlth+}
 13437 | D:11     | Noticed a two-headed ogre
 13446 | D:11     | Killed a two-headed ogre
 13680 | D:11     | Reached skill level 9 in Invocations
 13690 | D:11     | Found a frozen archway.
 13705 | IceCv    | Entered an ice cave
 14183 | IceCv    | Reached skill level 13 in Polearms
 14375 | IceCv    | Reached XP level 13. HP: 105/114 MP: 19/19
 14528 | IceCv    | Noticed a white draconian
 14544 | IceCv    | Killed a white draconian
 14545 | IceCv    | Reached skill level 9 in Dodging
 14703 | IceCv    | Identified the amulet "Seathoug" {Reflect MP-9 Str+3 Int+4
                  | Dex+2 SH+5}
 14714 | IceCv    | Identified the ring "Unirit Dob" {rN+ Int+2 Dex-3 Stlth+}
 15041 | D:11     | Reached skill level 11 in Fighting
 15436 | D:12     | Found a staircase to the Orcish Mines.
 15486 | D:12     | Reached skill level 1 in Shields
 15646 | D:12     | Noticed Lodul
 15680 | D:12     | Reached skill level 2 in Shields
 15799 | D:12     | Killed Lodul
 16035 | D:12     | Noticed Jorgrun
 16075 | D:12     | Killed Jorgrun
 16076 | D:12     | Reached skill level 3 in Shields
 16380 | D:12     | Noticed Urug
 16563 | D:12     | Killed Urug
 17027 | D:13     | Reached skill level 4 in Shields
 17108 | D:13     | Reached skill level 12 in Fighting
 17108 | D:13     | Reached skill level 10 in Dodging
 17842 | D:14     | Reached skill level 14 in Polearms
 17921 | D:14     | Reached skill level 5 in Shields
 17965 | D:14     | You pick up a book of Storms and begin reading...
 17965 | D:14     | You add the spells Airstrike and Summon Lightning Spire to
                  | your library.
 18056 | D:14     | Gained mutation: You have acidic saliva. [Yellow Draconian
                  | growth]
 18056 | D:14     | Reached XP level 14. HP: 65/127 MP: 11/20
 18330 | D:14     | Found an ancient bone altar of Kikubaaqudgha.
 18373 | D:14     | Found a gate to the Vaults.
 18727 | D:14     | Reached skill level 6 in Shields
 18947 | D:14     | Found a glowing golden altar of the Shining One.
 19000 | D:15     | Entered Level 15 of the Dungeon
 19054 | D:15     | Found Hummot's Jewellery Shoppe.
 19067 | D:15     | Reached skill level 13 in Fighting
 19157 | D:15     | Reached skill level 6 in Spellcasting
 19157 | D:15     | Reached XP level 15. HP: 135/135 MP: 11/24
 19242 | D:15     | Reached skill level 11 in Dodging
 19269 | D:15     | Reached skill level 1 in Fire Magic
 19269 | D:15     | You pick up a book of Spectacle and begin reading...
 19269 | D:15     | You add the spells Dazzling Flash, Iskenderun's Mystic
                  | Blast and Starburst to your library.
 19623 | D:15     | Reached skill level 2 in Fire Magic
 19629 | D:15     | Reached skill level 4 in Conjurations
 19851 | D:15     | Found a staircase to the Depths.
 20031 | D:15     | Identified the +1 leather armour of Youthful Indiscretion
                  | {Harm Int-3 Dex+4}
 20246 | Lair:1   | Entered Level 1 of the Lair of Beasts
 20429 | Lair:1   | Reached skill level 3 in Fire Magic
 21348 | Lair:2   | Found a runed translucent gate.
 21348 | Lair:2   | Noticed Zonian's ghost (journeyman VSIE)
 21349 | Lair:2   | Found a runed translucent gate.
 21350 | Lair:2   | Found a runed translucent gate.
 21354 | Lair:2   | You pick up a book of the Sky and begin reading...
 21362 | Lair:2   | Reached skill level 7 in Shields
 21728 | Lair:2   | Found a staircase to the Snake Pit.
 22624 | Lair:2   | Killed Zonian's ghost
 22830 | Lair:3   | Noticed ooooo's ghost (journeyman OpCj)
 22885 | Lair:3   | Found a staircase to the Shoals.
 23191 | Lair:3   | Found a runed translucent gate.
 23192 | Lair:3   | Found a runed translucent gate.
 23196 | Lair:3   | Found a runed translucent gate.
 23205 | Lair:3   | Killed ooooo's ghost
 23210 | Lair:3   | Reached skill level 4 in Transmutations
 23877 | Lair:4   | Reached skill level 6 in Air Magic
 24483 | Lair:4   | Reached XP level 16. HP: 141/145 MP: 16/25
 25013 | Lair:5   | Reached skill level 5 in Transmutations
 25018 | Lair:5   | Identified the +0 leather armour of Extif {Contam rElec
                  | Will+}
 25166 | Lair:5   | Found a runed translucent door.
 25166 | Lair:5   | Found a viscous altar of Jiyva.
 25167 | Lair:5   | Found a staircase to the Slime Pits.
 25468 | Lair:6   | Entered Level 6 of the Lair of Beasts
 25945 | Lair:6   | Reached skill level 7 in Air Magic
 26230 | Lair:6   | Reached skill level 8 in Shields
 26230 | Lair:6   | Reached skill level 6 in Transmutations
 26385 | Lair:6   | You pick up a book of Weapons and begin reading...
 26385 | Lair:6   | You add the spells Portal Projectile, Excruciating Wounds
                  | and Blade Hands to your library.
 26441 | Lair:6   | You pick up a book of Spatial Translocations and begin
                  | reading...
 26441 | Lair:6   | You add the spells Blink and Manifold Assault to your
                  | library.
 26779 | Lair:6   | You pick up a book of the Hunter and begin reading...
 26779 | Lair:6   | You add the spells Call Canine Familiar and Leda's
                  | Liquefaction to your library.
 26935 | Lair:6   | Reached skill level 14 in Fighting
 27414 | Lair:6   | Reached skill level 8 in Air Magic
 27531 | Lair:6   | Reached skill level 7 in Transmutations
 27550 | Lair:6   | Reached skill level 12 in Dodging
 27613 | Lair:6   | Found a corrupted altar of Lugonu.
 27613 | Lair:6   | Found a one-way gate to the infinite horrors of the Abyss.
 27926 | Orc:1    | Entered Level 1 of the Orcish Mines
 28152 | Orc:2    | Entered Level 2 of the Orcish Mines
 28226 | Orc:2    | Found Xaexku Xusi's Distillery.
 28430 | Orc:2    | HP: 2/146 [cyclops/large rock (41)]
 28438 | Orc:2    | HP: 29/146 [troll (6)]
 28846 | Orc:2    | Found Buakhlum's Assorted Antiques.
 28927 | Orc:2    | Found Rijaimir's General Store.
 28931 | Orc:2    | Found Anomoem's Jewellery Emporium.
 28931 | Orc:2    | Found Razuig's Book Emporium.
 29135 | Orc:2    | Found a shimmering altar of Xom.
 29379 | Orc:2    | Found Cixeruneh's Assorted Antiques.
 29495 | Orc:2    | Found a staircase to the Elven Halls.
 29640 | Orc:2    | Bought the ring of the Slimy God {rPois Will++ Str+3 Dex+6
                  | Stlth+} for 1220 gold pieces
 29692 | Orc:1    | Reached skill level 8 in Transmutations
 29692 | Orc:1    | Reached skill level 9 in Air Magic
 29861 | Orc:1    | Learned a level 7 spell: Storm Form
 30488 | D:12     | magus.rc [v1.11.3]
 30620 | Snake:1  | Entered Level 1 of the Snake Pit
 30792 | Snake:1  | Reached skill level 9 in Shields
 31143 | Snake:1  | Reached XP level 17. HP: 154/154 MP: 17/26
 32834 | Snake:2  | Reached skill level 9 in Transmutations
 33252 | Snake:2  | Reached skill level 10 in Air Magic
 34684 | Snake:2  | Identified the +0 pair of boots of Starshine {rPois Will-
                  | Int+3}
 36413 | Snake:4  | Entered Level 4 of the Snake Pit
 36444 | Snake:4  | Reached skill level 15 in Fighting
 36820 | Snake:4  | You pick up a book of Dreams and begin reading...
 36820 | Snake:4  | You add the spells Ensorcelled Hibernation and Spider Form
                  | to your library.
 37270 | Snake:4  | Reached skill level 10 in Transmutations
 38015 | Snake:4  | Reached skill level 11 in Air Magic
 38028 | Snake:4  | Reached skill level 10 in Shields
 39354 | Snake:4  | Reached skill level 13 in Dodging
 40096 | Snake:4  | Reached XP level 18. HP: 158/163 MP: 18/27
 40211 | Snake:4  | Reached skill level 11 in Transmutations
 40438 | Snake:4  | Noticed Vashnia
 40454 | Snake:4  | Killed Vashnia
 40476 | Snake:4  | HP: 40/163 [poisoned by a nagaraja (splash of poison)]
 40481 | Snake:4  | HP: 36/163 [poisoned by a nagaraja (splash of poison)]
 40943 | Snake:4  | Got a serpentine rune of Zot
 41260 | Shoals:1 | Entered Level 1 of the Shoals
 41297 | Shoals:1 | Reached skill level 12 in Air Magic
 41587 | Shoals:1 | Found a flickering gateway to a bazaar.
 41596 | Bazaar   | Entered a bazaar
 41721 | Bazaar   | Found Piki's Book Boutique.
 41743 | Bazaar   | Found Diggex's Antique Weapon Emporium.
 41764 | Bazaar   | Found Ninlafui's Magic Scroll Boutique.
 41784 | Bazaar   | Found Kyurahir's General Store.
 41859 | Bazaar   | Bought a scroll of enchant weapon for 82 gold pieces
 41859 | Bazaar   | Bought a scroll of enchant weapon for 82 gold pieces
 41859 | Bazaar   | Bought a scroll of summoning for 104 gold pieces
 41859 | Bazaar   | Bought a scroll of enchant armour for 82 gold pieces
 41859 | Bazaar   | Bought 2 scrolls of blinking for 165 gold pieces
 42124 | Shoals:1 | Found Bifol's Magic Scroll Shoppe.
 42204 | Shoals:1 | Bought a scroll of magic mapping for 66 gold pieces
 42204 | Shoals:1 | Bought a scroll of magic mapping for 66 gold pieces
 42204 | Shoals:1 | Bought a scroll of teleportation for 57 gold pieces
 42207 | Shoals:1 | You pick up a book of Beasts and begin reading...
 42207 | Shoals:1 | You add the spells Summon Ice Beast, Summon Mana Viper and
                  | Monstrous Menagerie to your library.
 42968 | Shoals:2 | Found Utuloiwk's Weapon Emporium.
 43021 | Shoals:2 | Found Baofoudd's Armour Emporium.
 43062 | Shoals:2 | You pick up a book of the Dragon and begin reading...
 43062 | Shoals:2 | You add the spells Cause Fear, Dragon Form and Dragon's
                  | Call to your library.
 43071 | Shoals:2 | Learned a level 7 spell: Dragon Form
 43101 | Shoals:2 | Gained mutation: You are frail. (-10% HP) [mutagenic glow]
 43163 | Shoals:2 | Lost mutation: Your mind is acute. (Int +2) [potion of
                  | mutation]
 43163 | Shoals:2 | Lost mutation: You are frail. (-10% HP) [potion of
                  | mutation]
 43163 | Shoals:2 | Gained mutation: You are somewhat resistant to further
                  | mutation. [potion of mutation]
 43330 | Shoals:2 | Found a gateway to a bazaar.
 43402 | Shoals:2 | Identified a +0 crystal plate armour
 43402 | Shoals:2 | Noticed Donald
 43421 | Shoals:2 | HP: 24/166 [something (23)]
 43434 | Shoals:2 | Banished Donald
 43874 | Shoals:2 | Found Omellare's General Store.
 43951 | Shoals:2 | Found Empy's Antique Weapon Shop.
 44033 | Shoals:2 | Paralysed by a fenstrider witch for 5 turns
 44036 | Shoals:2 | HP: 37/166 [??? (34)]
 44038 | Shoals:2 | HP: 18/166 [??? (16)]
 44858 | Shoals:3 | Noticed Ilsuiw
 44876 | Shoals:3 | Killed Ilsuiw
 44877 | Shoals:3 | Reached skill level 7 in Spellcasting
 44878 | Shoals:3 | HP: 40/166 [wind drake/the air (12)]
 45297 | Shoals:3 | Reached skill level 12 in Transmutations
 46086 | Shoals:3 | HP: 31/166 [water nymph/the raging water (15)]
 46843 | Bazaar   | Entered a bazaar
 46843 | Bazaar   | Found Itiysezusa's Distillery.
 46843 | Bazaar   | Found Nogetrui's Book Shoppe.
 46845 | Bazaar   | Found Xoliompepn's Antique Armour Emporium.
 46884 | Bazaar   | Found Ucor Pid's Armour Emporium.
 46893 | Bazaar   | Found Seapud's Armour Shoppe.
 46917 | Bazaar   | Bought a potion of mutation for 120 gold pieces
 46917 | Bazaar   | Bought a potion of haste for 150 gold pieces
 46917 | Bazaar   | Bought a potion of magic for 120 gold pieces
 46917 | Bazaar   | Bought a potion of heal wounds for 75 gold pieces
 46917 | Bazaar   | Bought a potion of might for 60 gold pieces
 46983 | Shoals:4 | Entered Level 4 of the Shoals
 47006 | Shoals:4 | Paralysed by an air elemental for 1 turns
 47012 | Shoals:4 | Paralysed by an air elemental for 1 turns
 47337 | Shoals:4 | Paralysed by an air elemental for 1 turns
 47517 | Shoals:4 | Reached skill level 16 in Fighting
 47537 | Shoals:4 | Reached skill level 13 in Air Magic
 47722 | Shoals:4 | Acquired a +1 hat of see invisible
 47962 | Shoals:4 | Paralysed by an air elemental for 1 turns
 48128 | Shoals:4 | Found a stormy altar of Qazlal.
 48141 | Shoals:4 | Paralysed by an air elemental for 1 turns
 48146 | Shoals:4 | Paralysed by an air elemental for 1 turns
 48834 | Shoals:4 | Paralysed by an air elemental for 1 turns
 49242 | Shoals:4 | You pick up a book of Chaos and begin reading...
 49242 | Shoals:4 | You add the spells Conjure Ball Lightning, Disjunction and
                  | Discord to your library.
 49244 | Shoals:4 | Got a barnacled rune of Zot
 49246 | Shoals:4 | You pick up a book of Flames and begin reading...
 49246 | Shoals:4 | You add the spells Foxfire, Conjure Flame, Inner Flame and
                  | Flame Wave to your library.
 49475 | Shoals:4 | Reached XP level 19. HP: 117/172 MP: 21/30
 49762 | Shoals:4 | Identified a +7 demon trident of distortion (a +5 demon
                  | trident of pain corrupted by Lugonu)
 49762 | Shoals:4 | Received a gift from Lugonu
 50076 | Vaults:1 | Entered Level 1 of the Vaults
 50346 | Vaults:1 | Reached skill level 13 in Transmutations
 50435 | Vaults:1 | Reached skill level 8 in Spellcasting
 51207 | Vaults:1 | Reached skill level 14 in Dodging
 51213 | Vaults:1 | Reached skill level 14 in Air Magic
 51885 | Vaults:1 | You pick up a book of Conjurations and begin reading...
 51885 | Vaults:1 | You add the spells Magic Dart, Searing Ray and Fulminant
                  | Prism to your library.
 53184 | Vaults:2 | Reached skill level 14 in Transmutations
 53459 | Vaults:2 | Found Feoruv's General Store.
 54568 | Vaults:2 | HP: 43/174 [vault warden/+1 long sword of flaming (4)]
 54583 | Vaults:2 | Reached skill level 17 in Fighting
 54587 | Vaults:2 | Reached skill level 15 in Air Magic
 54600 | Vaults:2 | HP: 39/177 [war gargoyle/spray of metal splinters (31)]
 54624 | Vaults:2 | Reached XP level 20. HP: 49/184 MP: 16/32
 54686 | Vaults:2 | HP: 43/184 [ironbound frostheart/creeping frost[a vault
                  | warden] (30)]
 54693 | Vaults:2 | HP: 40/184 [ironbound frostheart[a vault warden] (17)]
 55598 | Vaults:2 | Reached skill level 15 in Transmutations
 56411 | Vaults:3 | Acquired 963 gold pieces
 57909 | Vaults:3 | Reached skill level 15 in Dodging
 57958 | Vaults:3 | Found a staircase to the Crypt.
 58522 | Vaults:3 | Reached skill level 16 in Transmutations
 58750 | Vaults:3 | You add the spells Borgnjor's Revivification, Necromutation
                  | and Death's Door to your library.
 59339 | Vaults:4 | HP: 64/280 [yaktaur/bolt[a vault warden] (15)]
 59786 | Vaults:4 | Reached skill level 18 in Fighting
 60579 | Vaults:4 | Reached skill level 1 in Unarmed Combat
 60705 | Vaults:4 | Identified the +0 pair of boots of Action {rElec Str+4}
 60880 | Vaults:4 | Reached skill level 2 in Unarmed Combat
 60882 | Vaults:4 | Noticed Saint Roka
 60921 | Vaults:4 | Killed Saint Roka
 60993 | Vaults:4 | Reached skill level 3 in Unarmed Combat
 61067 | Vaults:4 | Noticed Frederick
 61112 | Vaults:4 | Killed Frederick
 61113 | Vaults:4 | Reached skill level 17 in Transmutations
 61309 | Vaults:4 | a +2 eveningstar of protection {rare}; a +3 plate armour of
                  | willpower
 61354 | Vaults:4 | Reached XP level 21. HP: 167/195 MP: 24/33
 61475 | Vaults:4 | Reached skill level 4 in Unarmed Combat
 61883 | Vaults:4 | Noticed Xtahua
 61909 | Vaults:4 | HP: 41/195 [Xtahua/searing blast (50)]
 62295 | Vaults:4 | Found Bowavif's Jewellery Boutique.
 62316 | Vaults:4 | Identified the +5 trident "Baqihes" {freeze, rCorr Stlth+}
 62370 | Vaults:4 | Reached skill level 5 in Unarmed Combat
 62754 | Vaults:4 | a +3 plate armour of willpower; a +2 eveningstar of
                  | protection {rare}
 62919 | Vaults:4 | Killed Xtahua
 63013 | Vaults:4 | magus.rc [v1.11.3]
 63372 | Elf:1    | Entered Level 1 of the Elven Halls
 63377 | Elf:1    | Paralysed by an air elemental for 1 turns
 63380 | Elf:1    | Paralysed by an air elemental for 1 turns
 63535 | Elf:1    | Paralysed by an air elemental for 1 turns
 63540 | Orc:2    | Paralysed by an air elemental for 1 turns
 63547 | Orc:2    | Paralysed by an air elemental for 1 turns
 63552 | Orc:2    | Reached skill level 6 in Unarmed Combat
 63658 | Elf:1    | Paralysed by an air elemental for 1 turns
 63908 | Elf:1    | Reached skill level 7 in Unarmed Combat
 64480 | Elf:1    | Reached skill level 19 in Fighting
 64556 | Elf:1    | Got Sif Muna's Disquisition on Creative Conjuration
 64676 | Elf:2    | Reached skill level 8 in Unarmed Combat
 65190 | Elf:2    | Identified the ring "Orhid" {rF+ MP+9 Str-5 Dex+6 SInv}
 65417 | Elf:2    | Reached skill level 9 in Unarmed Combat
 65794 | Elf:2    | You pick up a book of Dreams and begin reading...
 65904 | Elf:2    | Found a runed translucent gate.
 65904 | Elf:2    | Found a runed translucent gate.
 65908 | Elf:2    | Found a runed translucent gate.
 66632 | Elf:2    | Reached skill level 10 in Unarmed Combat
 67028 | Elf:2    | Learned a level 8 spell: Maxwell's Capacitive Coupling
 67546 | Elf:3    | Entered Level 3 of the Elven Halls
 68474 | Elf:3    | Reached skill level 11 in Unarmed Combat
 68861 | Elf:3    | Reached XP level 22. HP: 94/207 MP: 19/34
 69415 | Elf:3    | Identified the +9 morningstar of the Witching Bear {flame,
                  | rF- Will+ rCorr}
 69488 | Elf:3    | a +0 rapier of speed; +0 storm dragon scales {rare}; an elf
                  | corpse
 69522 | Elf:3    | a +0 rapier of speed; +0 storm dragon scales {rare}; an elf
                  | corpse
 69526 | Elf:3    | a +0 rapier of speed; +0 storm dragon scales {rare}; an elf
                  | corpse
 69532 | Elf:3    | a +0 rapier of speed; +0 storm dragon scales {rare}; an elf
                  | corpse
 69588 | Elf:3    | a +0 rapier of speed; +0 storm dragon scales {rare}; an elf
                  | corpse
 69609 | Elf:3    | a +0 rapier of speed; +0 storm dragon scales {rare}; an elf
                  | skeleton
 70174 | Elf:3    | Identified the +11 trident "Casicoub" {venom, rElec Str+6
                  | Stlth+}
 70512 | Elf:3    | Identified the +2 fustibalus "Viutef" {freeze, *Slow rF+
                  | Str+7 Dex+2}
 70554 | Elf:3    | You pick up a book of Minor Magic and begin reading...
 70557 | Elf:3    | Got Akozan's Volume of Greatest Risks and Utility
 70675 | Elf:3    | a +0 rapier of speed; +0 storm dragon scales {rare}
 70681 | Elf:3    | a +0 rapier of speed; +0 storm dragon scales {rare}
 70834 | Depths:1 | Entered Level 1 of the Depths
 70861 | Depths:1 | Reached skill level 20 in Fighting
 70863 | Depths:1 | Reached skill level 12 in Unarmed Combat
 71554 | Depths:1 | Found Zoxkimun's Antique Armour Shoppe.
 71555 | Depths:1 | Noticed Sojobo
 71760 | Depths:1 | Noticed Bai Suzhen
 71770 | Depths:1 | Killed Sojobo
 71778 | Depths:1 | Killed Bai Suzhen
 71782 | Depths:1 | Found Ciulucus's Antique Armour Emporium.
 71782 | Depths:1 | Found Feuth's Book Shoppe.
 71957 | Depths:1 | Found Deahipro's Armour Emporium.
 72004 | Depths:1 | Got Das Harph's Disquisition on Mutagenic Malediction
 72262 | Depths:1 | Found a hazy altar of Hepliaklqana.
 72324 | Depths:1 | Reached skill level 16 in Dodging
 72483 | Depths:1 | You pick up a book of Spectacle and begin reading...
 72592 | Depths:1 | Found a gateway to Hell.
 72793 | Depths:1 | Reached skill level 16 in Air Magic
 72793 | Depths:1 | Reached XP level 23. HP: 216/216 MP: 26/35
 72967 | Depths:2 | Identified the +1 robe of Panentheism {rF+ Str+7}
 73231 | Depths:1 | HP: 46/216 [spriggan defender/+4 rapier of venom (25)]
 73237 | Depths:1 | HP: 24/216 [spriggan defender/+4 quick blade (13)]
 73239 | Depths:1 | HP: 5/216 [spriggan defender/+4 quick blade (20)]
 73343 | D:15     | HP: 54/216 [poisoned by a spriggan defender]
 73348 | D:15     | HP: 50/216 [poisoned by a spriggan defender]
 74057 | Depths:1 | Reached skill level 13 in Unarmed Combat
 74211 | Depths:2 | Found an opulent altar of Gozag.
 74433 | Orc:2    | Bought a scroll of blinking for 135 gold pieces
 74433 | Orc:2    | Bought a potion of magic for 144 gold pieces
 74433 | Orc:2    | Bought a potion of mutation for 144 gold pieces
 74433 | Orc:2    | Bought a scroll of enchant armour for 135 gold pieces
 74442 | Orc:2    | Bought a scroll of teleportation for 102 gold pieces
 74640 | Shoals:2 | Bought a scroll of holy word for 135 gold pieces
 74640 | Shoals:2 | Bought a potion of might for 72 gold pieces
 74719 | Shoals:1 | Bought a scroll of enchant armour for 142 gold pieces
 74719 | Shoals:1 | Bought a scroll of enchant armour for 142 gold pieces
 74719 | Shoals:1 | Bought a scroll of summoning for 180 gold pieces
 75023 | Depths:1 | Bought an embroidered hat for 322 gold pieces
 75594 | Depths:2 | You pick up a book of Blasting and begin reading...
 75611 | Depths:2 | Gained mutation: You are frail. (-10% HP) [a neqoxec]
 75676 | Depths:2 | Found a one-way gate leading to the halls of Pandemonium.
 75876 | Depths:2 | Found a hide-covered altar of Uskayaw.
 76451 | Depths:3 | Reached skill level 14 in Unarmed Combat
 76633 | Depths:3 | You pick up a book of Necromancy and begin reading...
 76765 | Depths:3 | Reached skill level 17 in Air Magic
 76828 | Depths:3 | HP: 67/291 [fire giant/fireball (44)]
 76834 | Depths:3 | HP: 71/291 [fire giant/+1 great sword of flaming (3)]
 77893 | Depths:3 | Found a one-way gateway to a ziggurat.
 77898 | Depths:3 | Found Osanel's Armour Shop.
 77970 | Depths:3 | You pick up a book of Conjurations and begin reading...
 78010 | Depths:3 | You fall into a shaft and drop 1 floor!
 78010 | Depths:4 | Entered Level 4 of the Depths
 78010 | Depths:4 | Found a shadowy altar of Dithmenos.
 78136 | Depths:3 | Reached XP level 24. HP: 201/201 MP: 26/35
 78154 | Depths:3 | Reached skill level 15 in Unarmed Combat
 78171 | Depths:3 | HP: 55/301 [stone giant/large rock (42)]
 78173 | Depths:3 | Killed from afar by a hellephant

Vanquished Creatures
  Sojobo (Depths:1)
  Saint Roka (Vaults:4)
  Frederick (Vaults:4)
  Xtahua (Vaults:4)
  Vashnia (Snake:4)
  Bai Suzhen (Depths:1)
  A lich (Depths:3)
  Jorgrun (D:12)
  A titan (Shoals:4)
  A deep elf master archer (Elf:3)
  4 deep elf blademasters (Elf:3)
  2 ancient champions (Vaults:3)
  Gastronok (D:8)
  A sphinx (Vaults:4)
  A shadow dragon (Depths:3)
  A storm dragon (Depths:3)
  6 nagarajas
  A fenstrider witch (Shoals:2)
  3 tengu reavers
  2 fire giants
  3 frost giants
  Ilsuiw (Shoals:3)
  4 orc warlords
  2 deep elf sorcerers (Elf:3)
  15 vault wardens
  2 deep elf elementalists (Elf:3)
  4 spriggan defenders
  9 ironbound thunderhulks
  6 very ugly things
  16 ironbound preservers
  2 vampire knights
  A war gargoyle (Vaults:4)
  16 stone giants
  8 deep elf demonologists
  A lorocyproca (Depths:2)
  2 entropy weavers
  4 deep elf annihilators (Elf:3)
  A white draconian (IceCv)
  The ghost of ooooo the Destroyer, a journeyman OpCj of Gozag (Lair:3)
  9 dire elephants
  2 spark wasps (Depths:3)
  7 fire dragons
  11 merfolk impalers
  An eidolon (Vaults:3)
  3 ettins
  A crystal guardian (Vaults:1)
  4 deep elf death magi (Elf:3)
  4 merfolk javelineers
  4 yaktaur captains
  8 deep elf high priests
  A quicksilver dragon skeleton (Depths:2)
  6 ice dragons (Depths:3)
  15 vault guards
  5 great orbs of eyes
  11 naga warriors
  5 boulder beetles
  3 rakshasas
  15 ironbound frosthearts
  15 hydras
  7 spriggan air magi
  A death knight (D:10)
  A salamander tyrant (Snake:2)
  2 peacekeepers
  13 two-headed ogres
  4 merfolk aquamancers
  An ogre mage (Orc:2)
  A juggernaut simulacrum (Depths:2)
  A satyr (Shoals:2)
  13 anacondas
  27 dancing weapons
  9 tengu warriors
  10 centaur warriors
  2 catoblepae
  2 alligator snapping turtles (Shoals:3)
  2 hell hogs (Depths:3)
  2 deep troll shamans
  A vampire mage (Vaults:3)
  3 thrashing horrors (Lair:6)
  2 spriggan berserkers
  2 deep troll earth magi
  15 naga sharpshooters
  3 orc high priests
  Urug (D:12)
  11 hell knights
  8 shock serpents
  A soul eater (Depths:1)
  23 deep elf knights
  A large abomination (Lair:6)
  The ghost of Zonian the Frost Mage, a journeyman VSIE of Dithmenos (Lair:2)
  Lodul (D:12)
  5 iron trolls
  A fire crab (shapeshifter) (D:14)
  A sea snake (shapeshifter) (Lair:6)
  2 salamander mystics (Snake:4)
  A sixfirhy (Depths:1)
  15 deep elf archers
  A glowing orange brain (shapeshifter) (Elf:2)
  19 sea snakes
  46 deep trolls
  5 glowing orange brains
  13 ironbound convokers
  2 naga ritualists
  A swamp dragon (shapeshifter) (Lair:6)
  An orange crystal statue (Lair:1)
  A wizard (Vaults:4)
  An obsidian statue (Shoals:2)
  14 lindwurms
  19 harpies
  10 necromancers
  A phantasmal warrior (Vaults:3)
  42 deep elf pyromancers
  An iron dragon zombie (Depths:2)
  10 orc knights
  30 deep elf zephyrmancers
  8 mana vipers
  3 orc sorcerers
  4 cyclopes
  A fire giant zombie (Depths:2)
  16 ugly things
  6 fauns
  18 manticores
  12 salamanders
  A salamander (shapeshifter) (Elf:3)
  7 elephants (Lair:4)
  33 black mambas
  Joseph (D:9)
  4 guardian serpents (Snake:4)
  21 vault sentinels
  2 ice statues (IceCv)
  2 gargoyles
  10 water nymphs
  10 naga magi
  3 smoke demons
  An orange demon (Depths:2)
  13 cane toads
  5 merfolk sirens
  2 efreet (D:14)
  10 rime drakes
  An unseen horror (D:10)
  8 komodo dragons
  Psyche (D:8)
  A yaktaur (shapeshifter) (Elf:1)
  2 tengu conjurers (Depths:3)
  33 yaktaurs
  A hellwing (Depths:1)
  An ice devil (Depths:2)
  2 ancient zymes (Lair:6)
  19 trolls
  6 meliai (D:15)
  20 merfolk
  Grinder (D:4)
  A polar bear (Lair:6)
  8 wind drakes
  4 hornets
  A frost giant simulacrum (Depths:2)
  12 dream sheep (Lair:6)
  A dream sheep (shapeshifter) (Vaults:3)
  37 blink frogs
  9 snapping turtles
  33 slime creatures
  9 small abominations (Lair:6)
  A centaur simulacrum (D:14)
  2 ynoxinuls (Depths:2)
  19 air elementals
  A culicivora (Vaults:3)
  3 spriggans
  A shadow (D:10)
  25 water elementals
  3 vampires
  5 wyverns
  10 basilisks
  4 wraiths
  Eustachio (D:5)
  A hog (shapeshifter) (Elf:1)
  A fire elemental (Elf:3)
  A neqoxec (Depths:2)
  3 redbacks
  Grum (D:8)
  45 yaks
  3 chaos spawn
  A human (shapeshifter) (D:15)
  20 vampire mosquitoes
  A steam dragon (D:7)
  4 acid dragons
  3 wargs
  A warg (shapeshifter) (Elf:2)
  Edmund (D:5)
  35 nagas
  15 water moccasins
  A sky beast (D:3)
  2 black bears
  23 orc warriors
  16 wolves
  29 ogres
  8 centaurs
  3 phantoms
  Blork the orc (D:6)
  A necrophage (D:8)
  2 kobold brigands (D:10)
  21 bullfrogs
  3 earth elementals
  5 scorpions
  5 wights (D:10)
  A killer bee (D:8)
  4 lindwurm simulacra (IceCv)
  2 howler monkeys
  4 electric eels
  A howler monkey (shapeshifter) (D:15)
  3 lava snakes (Lair:1)
  5 komodo dragon simulacra (IceCv)
  2 jellies
  14 orc priests
  A gnoll shaman (D:9)
  A hound (D:5)
  Terence (D:2)
  Natasha (thrice) (D:2)
  4 iguanas
  17 orc wizards
  9 gnolls
  5 acid dragon simulacra (IceCv)
  8 adders
  2 river rats (Sewer)
  An ufetubus (D:5)
  7 steam dragon simulacra (IceCv)
  5 worms (Sewer)
  2 dart slugs (D:2)
  71 orcs
  9 ball pythons
  10 endoplasms
  A giant cockroach (D:3)
  12 goblins
  5 hobgoblins
  8 jackals
  2 quokkas (D:4)
  8 bats
  25 kobolds
  7 rats
1668 creatures vanquished.

Vanquished Creatures (collateral kills)
  A vault warden (Vaults:2)
  An ironbound preserver (Vaults:2)
  A war gargoyle (Vaults:2)
  An ironbound thunderhulk (Vaults:2)
  A great orb of eyes (Vaults:2)
  A vault guard (Vaults:2)
  2 deep trolls (Vaults:2)
  A vault sentinel (Vaults:2)
  An adder (D:3)
  2 worms (D:3)
  A ball python (D:3)
  A rat (D:3)
14 creatures vanquished.

Vanquished Creatures (others)
  An ogre mage (Orc:2)
  A deep elf pyromancer (Elf:2)
  A deep elf zephyrmancer (Elf:3)
  A manticore (D:14)
  16 bushes (Lair:2)
  33 fungi
  76 plants
129 creatures vanquished.

Grand Total: 1811 creatures vanquished

Table legend:
 A = Non-vault XP
 B = Vault XP
 C = Vault XP percentage of total XP
 D = Non-vault monster count
 E = Vault monster count
 F = Vault count percentage of total count
                 A         B        C        D         E       F
            +---------+---------+-------+---------+---------+-------
      Total |  473707 |  327704 |  40.9 |    1102 |     588 |  34.8
            +---------+---------+-------+---------+---------+-------
        D:1 |      24 |       0 |   0.0 |      14 |       0 |   0.0
        D:2 |     105 |      73 |  41.0 |      15 |       3 |  16.7
        D:3 |     184 |      12 |   6.1 |      15 |       4 |  21.1
        D:4 |     422 |     281 |  40.0 |      18 |       1 |   5.3
        D:5 |     540 |     354 |  39.6 |      13 |       2 |  13.3
        D:6 |     890 |     411 |  31.6 |      14 |       2 |  12.5
        D:7 |    1460 |       0 |   0.0 |      18 |       0 |   0.0
        D:8 |    2513 |    2644 |  51.3 |      30 |      10 |  25.0
        D:9 |    1602 |     466 |  22.5 |      20 |       1 |   4.8
       D:10 |    2102 |    6589 |  75.8 |      21 |      21 |  50.0
       D:11 |    4964 |     788 |  13.7 |      13 |       2 |  13.3
       D:12 |    6455 |    6667 |  50.8 |      22 |      14 |  38.9
       D:13 |    3427 |       0 |   0.0 |      10 |       0 |   0.0
       D:14 |    8262 |    8282 |  50.1 |      24 |      12 |  33.3
       D:15 |   10699 |    1057 |   9.0 |      30 |       1 |   3.2
     Lair:1 |    3315 |     798 |  19.4 |      15 |       4 |  21.1
     Lair:2 |    5651 |    1717 |  23.3 |      22 |       7 |  24.1
     Lair:3 |    3211 |    2485 |  43.6 |      22 |       6 |  21.4
     Lair:4 |    8710 |       0 |   0.0 |      23 |       0 |   0.0
     Lair:5 |    2440 |       0 |   0.0 |       8 |       0 |   0.0
     Lair:6 |   18825 |   12992 |  40.8 |      65 |      39 |  37.5
   Shoals:1 |   14597 |       0 |   0.0 |      30 |       0 |   0.0
   Shoals:2 |    6163 |    3339 |  35.1 |      11 |       3 |  21.4
   Shoals:3 |   14193 |    5217 |  26.9 |      32 |       7 |  17.9
   Shoals:4 |    8897 |   25597 |  74.2 |      21 |      52 |  71.2
    Snake:1 |   17897 |    1256 |   6.6 |      36 |       2 |   5.3
    Snake:2 |   18532 |    1239 |   6.3 |      32 |       2 |   5.9
    Snake:3 |    4501 |     846 |  15.8 |       6 |       1 |  14.3
    Snake:4 |   23255 |   25433 |  52.2 |      48 |      32 |  40.0
      Orc:1 |    3333 |     346 |   9.4 |      32 |       4 |  11.1
      Orc:2 |    2973 |   15651 |  84.0 |      21 |      40 |  65.6
      Elf:1 |   20597 |    7149 |  25.8 |      36 |      13 |  26.5
      Elf:2 |   25551 |   22501 |  46.8 |      46 |      31 |  40.3
      Elf:3 |   28848 |   28000 |  49.3 |      52 |      25 |  32.5
   Vaults:1 |   27330 |   28490 |  51.0 |      41 |      36 |  46.8
   Vaults:2 |   35886 |   20071 |  35.9 |      46 |      25 |  35.2
   Vaults:3 |   21576 |   24716 |  53.4 |      32 |      31 |  49.2
   Vaults:4 |   44101 |   19944 |  31.1 |      59 |      29 |  33.0
   Depths:1 |   35186 |   13694 |  28.0 |      44 |      11 |  20.0
   Depths:2 |   16006 |    8791 |  35.5 |      23 |      14 |  37.8
   Depths:3 |   18484 |   24091 |  56.6 |      22 |      25 |  53.2
      Sewer |       0 |     116 | 100.0 |       0 |      28 | 100.0
     Bailey |       0 |    1639 | 100.0 |       0 |      20 | 100.0
      IceCv |       0 |    3962 | 100.0 |       0 |      28 | 100.0
            +---------+---------+-------+---------+---------+-------

Illustrated notes

Table legend:
 A = Kills in this place as a percentage of kills in entire the game.
 B = Kills by you in this place as a percentage of kills by you in the entire game.
 C = Kills by friends in this place as a percentage of kills by friends in the entire game.
 D = Other kills in this place as a percentage of other kills in the entire game.
 E = Experience gained in this place as a percentage of experience gained in the entire game.
 F = Experience gained in this place divided by the number of levels of this place that you have seen.
                   A       B       C       D       E      F
               +-------+-------+-------+-------+-------+----------------------
         Total | 100.0 | 100.0 | 100.0 | 100.0 | 100.0 | 16696.1
       Dungeon |  20.7 |  20.6 |  35.7 |  25.0 |   8.9 | 4751.5
          Lair |  12.5 |  12.6 |   0.0 |   0.0 |   7.5 | 10024.0
        Shoals |   9.2 |   9.3 |   0.0 |  12.5 |   9.7 | 19500.8
     Snake Pit |   9.4 |   9.5 |   0.0 |   0.0 |  11.6 | 23239.8
  Orcish Mines |   5.7 |   5.8 |   0.0 |  12.5 |   2.8 | 11151.5
   Elven Halls |  12.0 |  12.1 |   0.0 |  25.0 |  16.6 | 44215.3
        Vaults |  17.7 |  17.3 |  64.3 |  25.0 |  27.7 | 55528.5
        Depths |   8.2 |   8.3 |   0.0 |   0.0 |  14.5 | 29063.0
         Sewer |   1.7 |   1.7 |   0.0 |   0.0 |   0.0 | 116.0
        Bailey |   1.2 |   1.2 |   0.0 |   0.0 |   0.2 | 1639.0
      Ice Cave |   1.7 |   1.7 |   0.0 |   0.0 |   0.5 | 3962.0
               +-------+-------+-------+-------+-------+----------------------

Table legend: (Time is in decaauts)
 A = Elapsed time spent in this place.
 B = Non-inter-level travel time spent in this place.
 C = Inter-level travel time spent in this place.
 D = Time resting spent in this place.
 E = Time spent auto-exploring this place.
 F = Levels seen in this place.
 G = Mean time per level.
                   A        B        C        D        E       F      G
               +--------+--------+--------+--------+--------+-----+--------+
         Total |  76760 |  73062 |   3698 |  23330 |  37112 |  48 | 1599.2 |
       Dungeon |  18796 |  17351 |   1445 |   3754 |  10968 |  15 | 1253.1 |
          Lair |   7607 |   7054 |    553 |    176 |   5847 |   6 | 1267.8 |
        Shoals |   8471 |   8016 |    455 |   3437 |   3078 |   4 | 2117.8 |
     Snake Pit |  10294 |  10069 |    225 |   4633 |   3885 |   4 | 2573.5 |
  Orcish Mines |   2866 |   2609 |    257 |    543 |   1640 |   2 | 1433.0 |
   Elven Halls |   6899 |   6806 |     93 |   2607 |   2731 |   3 | 2299.7 |
        Vaults |  12408 |  12100 |    308 |   4485 |   5585 |   4 | 3102.0 |
        Depths |   6084 |   5725 |    359 |   2736 |   1888 |   4 | 1521.0 |
         Abyss |     13 |     13 |      0 |      0 |      7 |   1 |   13.0 |
        Bazaar |    400 |    400 |      0 |      0 |    257 |   2 |  200.0 |
         Sewer |    935 |    935 |      0 |      2 |    654 |   1 |  935.0 |
        Bailey |    719 |    719 |      0 |    207 |    358 |   1 |  719.0 |
      Ice Cave |   1264 |   1264 |      0 |    745 |    210 |   1 | 1264.0 |
               +--------+--------+--------+--------+--------+-----+--------+

Top non-repeatable levels by time:
 Snake:4: 4042 daAuts
Vaults:3: 3488 daAuts
Depths:1: 3357 daAuts
   Elf:2: 3319 daAuts
Vaults:2: 3167 daAuts
Vaults:4: 3140 daAuts
Vaults:1: 2612 daAuts
Shoals:4: 2466 daAuts
   Elf:3: 2393 daAuts
 Snake:2: 2371 daAuts
    D:10: 2298 daAuts
 Snake:1: 2083 daAuts
Shoals:3: 2058 daAuts
  Lair:6: 2041 daAuts
Shoals:2: 2034 daAuts
